 Dungeon Crawl Stone Soup version 0.22-a0-352-gc608dd7fdd (webtiles) character file.

5226 Tesserakt the Cleaver (level 10, -5/91 HPs)
             Began as a Deep Dwarf Fighter on Apr 14, 2018.
             Was an Elder of Makhleb.
             Slain by a death yak (21 damage)
             ... on level 8 of the Dungeon.
             The game lasted 00:10:30 (6082 turns).

Tesserakt the Cleaver (Deep Dwarf Fighter)          Turns: 6082, Time: 00:10:31

Health: -5/91      AC: 15    Str: 22    XL:     10   Next: 35%
Magic:  7/7        EV: 10    Int:  8    God:    Makhleb [****..]
Gold:   277        SH: 11    Dex: 16    Spells: 9/9 levels left

rFire    . . .     SeeInvis .   V - +1 war axe (elec)
rCold    . . .     Gourm    .   c - +0 shield
rNeg     + . .     Faith    .   y - +2 scale mail "Bodebbus" {+Fly rN+ Str-2 Dex+4}
rPois    +         Spirit   .   z - +2 hat
rElec    .         Reflect  .   I - +2 cloak
rCorr    .         Harm     .   (no gloves)
MR       +....                  (no boots)
Stlth    ..........             (no amulet)
HPRegen  0.00/turn              E - ring of flight
MPRegen  0.10/turn              U - ring of poison resistance

@: lethally poisoned (-5 -> -5), non-regenerating
A: damage resistance, heal wounds, sense surroundings 2, no regeneration
a: Heal Wounds, Minor Destruction, Lesser Servant of Makhleb, Major Destruction,
Renounce Religion, Evoke Flight


You were on level 8 of the Dungeon.
You worshipped Makhleb.
Makhleb was greatly pleased with you.
You were not hungry.

You visited 2 branches of the dungeon, and saw 9 of its levels.
You also visited: Ossuary.

You collected 433 gold pieces.
You spent 156 gold pieces at shops.

Inventory:

Hand Weapons
 x - a +2 hand axe of chopping
 P - a +2 hand axe of venom
 V - a +1 war axe of electrocution (weapon)
Missiles
 g - 11 tomahawks (quivered)
Armour
 b - a +0 scale mail
 c - a +0 shield (worn)
 m - a +0 helmet
 r - a +0 plate armour
 y - the +2 scale mail "Bodebbus" (worn) {+Fly rN+ Str-2 Dex+4}
   (You found it on level 5 of the Dungeon)

   It affects your strength (-2).
   It affects your dexterity (+4).
   It protects you from negative energy.
   It lets you fly.
 z - a +2 hat (worn)
 I - a +2 cloak (worn)
Magical Staves
 J - an uncursed staff of summoning
Jewellery
 E - a ring of flight (left hand)
 H - an uncursed ring of wizardry
 U - a ring of poison resistance (right hand)
Wands
 a - a wand of flame (46)
 T - a wand of acid (10)
Scrolls
 e - 3 scrolls of amnesia {unknown}
 j - 5 scrolls of blinking {unknown}
 k - a scroll of magic mapping {unknown}
 l - 3 scrolls of fog {unknown}
 n - 4 scrolls of identify {unknown}
 o - 10 scrolls of remove curse
 s - 9 scrolls of teleportation {unknown}
 u - 5 scrolls of immolation {unknown}
 v - a scroll of acquirement {unknown}
 A - 2 scrolls of enchant weapon {unknown}
 G - a scroll of fear {unknown}
 M - a scroll of brand weapon {unknown}
 N - a scroll of random uselessness {unknown}
 O - a scroll of enchant armour {unknown}
 Q - a scroll of noise {unknown}
Potions
 d - 2 potions of might
 h - a potion of berserk rage {unknown}
 i - a potion of haste {unknown}
 p - a potion of degeneration {unknown}
 q - a potion of invisibility {unknown}
 t - a potion of curing {unknown}
 w - 3 potions of flight {unknown}
 B - 2 potions of agility {unknown}
 C - a potion of ambrosia {unknown}
 F - a potion of resistance {unknown}
 K - a potion of lignification {unknown}
 L - 2 potions of brilliance {unknown}
Comestibles
 f - 7 rations
 D - 2 chunks of flesh


   Skills:
 + Level 5.8 Fighting
 + Level 12.0 Axes
 + Level 7.2 Armour
 + Level 3.3 Dodging
 + Level 7.5 Shields


You had 9 spell levels left.
You didn't know any spells.

Dungeon Overview and Level Annotations

Branches:
Dungeon (8/15)             Temple (1/1) D:5            Lair (0/6) D:8

Altars:
Ashenzari
Cheibriados
Elyvilon
Gozag
Hepliaklqana
Kikubaaqudgha
Makhleb
Nemelex Xobeh
Okawaru
Qazlal
Sif Muna
Trog
Vehumet

Shops:
D:7 (


Innate Abilities, Weirdness & Mutations

You are resistant to damage.
You can heal yourself by infusing magical energy.
You passively map the area around you.
You do not regenerate.


Message History

The death yak closely misses you.
The death yak gores you but does no damage.
You hit the death yak.
The death yak is almost dead.
You hit the shadow imp but do no damage.
You hit the death yak. x2
Lightning courses through the death yak!
You slash the death yak!
The death yak gores you but does no damage.
The shadow imp hits you.
The death yak gores you but does no damage.
You block the death yak's attack. The death yak barely misses you.
You hit the death yak.
The death yak is almost dead.
You hit the shadow imp.
You hit the death yak but do no damage. x2
You hit the death yak. The death yak gores you! The shadow imp hits you.
You block the death yak's attack. The death yak gores you!
* * * LOW HITPOINT WARNING * * *
The death yak gores you!!
You die...

.........#* , , ,
.........##.............
*
.........##.....$.....>.,
.........##.............
.........##...........##,
###########.............,
* # #.....l....... #
#..!.YY5...... , #
########....Y@Y# * #
#..............# , #
#..........#####*,, *
####...........# , *
...............# , ,,* *,
...............# , *
...............# ,,
...............# , *
##########.....# , ,


You could see 4 death yaks, an iguana and a shadow imp.

Vanquished Creatures
  3 death yaks (D:8)
  Pikel (D:7)
  A wyvern (D:8)
  Menkaure (D:6)
  A sky beast (D:6)
  An orc warrior (D:6)
  3 ogres
  Blork the orc (D:6)
  7 bullfrogs
  A gnoll sergeant (D:8)
  A scorpion (D:8)
  3 water moccasin zombies (Ossuary)
  4 killer bees (D:7)
  2 vampire bats (D:7)
  5 crimson imps
  A jelly (D:6)
  A quasit (D:8)
  A bullfrog zombie (D:7)
  Crazy Yiuf (D:5)
  A hound (D:7)
  5 orc priests
  2 centaur skeletons (D:4)
  2 iguanas
  An orc wizard (D:6)
  6 worker ants
  A big kobold zombie (Ossuary)
  A hound zombie (D:5)
  A hound skeleton (D:5)
  2 mummies (Ossuary)
  7 gnolls
  9 adders
  5 shadow imps
  An ooze (D:2)
  5 adder zombies (Ossuary)
  An adder skeleton (D:5)
  3 worms
  4 dart slugs
  7 leopard geckos
  28 orcs
  4 bat skeletons (D:7)
  A bat zombie (D:7)
  5 giant cockroaches
  4 gnoll zombies (Ossuary)
  3 goblins
  12 hobgoblins
  17 jackals
  9 quokkas
  A ball python skeleton (D:6)
  6 bats
  4 frilled lizards
  5 hobgoblin zombies (Ossuary)
  6 kobolds
  9 kobold zombies (Ossuary)
  3 orc zombies (Ossuary)
  A quokka zombie (D:6)
  6 rats
227 creatures vanquished.

Vanquished Creatures (others)
  A slave (D:7)
  An iguana (D:7)
  A gnoll (D:7)
3 creatures vanquished.

Grand Total: 230 creatures vanquished

Notes
Turn   | Place    | Note
-------+----------+-------------------------------------------
     0 | D:1      | Tesserakt the Deep Dwarf Fighter began the quest for the Orb.
     0 | D:1      | Reached XP level 1. HP: 20/20 MP: 1/1
    38 | D:1      | Reached skill level 3 in Axes
    61 | D:1      | Reached XP level 2. HP: 27/27 MP: 2/2
   185 | D:1      | Reached XP level 3. HP: 28/33 MP: 3/3
   187 | D:1      | Reached skill level 4 in Axes
  1158 | D:2      | Reached XP level 4. HP: 28/40 MP: 4/4
  1206 | D:2      | Reached skill level 5 in Axes
  1297 | D:2      | Found a white marble altar of Elyvilon.
  1993 | D:3      | Reached XP level 5. HP: 27/46 MP: 5/5
  2486 | D:4      | Reached skill level 6 in Axes
  2589 | D:4      | Reached XP level 6. HP: 19/55 MP: 6/6
  2962 | D:4      | Reached skill level 7 in Axes
  3339 | D:5      | Entered Level 5 of the Dungeon
  3339 | D:5      | Found a staircase to the Ecumenical Temple.
  3348 | Temple   | Entered the Ecumenical Temple
  3371 | Temple   | Became a worshipper of Makhleb the Destroyer
  3404 | D:5      | Reached XP level 7. HP: 46/62 MP: 6/6
  3419 | D:5      | Got an opal-encrusted scale mail
  3430 | D:5      | Identified the +2 scale mail "Bodebbus" {+Fly rN+ Str-2 Dex+4} (You found it on level 5 of the Dungeon)
  3607 | D:5      | Got a brightly glowing great mace
  3640 | D:5      | Reached * piety under Makhleb
  3640 | D:5      | Reached skill level 8 in Axes
  3859 | D:5      | Found a runed door.
  3957 | D:5      | Noticed Crazy Yiuf
  3968 | D:5      | Killed Crazy Yiuf
  4033 | D:6      | Found a sand-covered staircase.
  4037 | Ossuary  | Entered an ossuary
  4151 | Ossuary  | Reached skill level 1 in Dodging
  4151 | Ossuary  | Reached skill level 5 in Shields
  4151 | Ossuary  | Reached XP level 8. HP: 59/72 MP: 7/7
  4179 | Ossuary  | Reached ** piety under Makhleb
  4408 | D:6      | Reached skill level 9 in Axes
  4442 | D:6      | Noticed Blork the orc
  4452 | D:6      | Killed Blork the orc
  4530 | D:6      | Noticed Menkaure
  4540 | D:6      | Killed Menkaure
  4713 | D:6      | Reached skill level 10 in Axes
  5059 | D:7      | Found an ancient bone altar of Kikubaaqudgha.
  5074 | D:7      | Reached *** piety under Makhleb
  5074 | D:7      | Gained mutation: You passively map the area around you. [Deep Dwarf growth]
  5074 | D:7      | Reached XP level 9. HP: 54/79 MP: 8/8
  5097 | D:7      | Reached skill level 5 in Armour
  5135 | D:7      | Noticed Pikel
  5160 | D:7      | Killed Pikel
  5204 | D:7      | Reached skill level 5 in Fighting
  5307 | D:7      | Found Fopeozxyss's Antique Weapon Shoppe.
  5322 | D:7      | Bought a glowing war axe for 156 gold pieces
  5335 | D:7      | Reached skill level 11 in Axes
  6056 | D:8      | Noticed a death yak
  6058 | D:8      | Noticed a death yak
  6058 | D:8      | Noticed a death yak
  6058 | D:8      | Noticed a death yak
  6058 | D:8      | Found a staircase to the Lair.
  6059 | D:8      | Noticed a death yak
  6059 | D:8      | Noticed a death yak
  6060 | D:8      | Noticed a death yak
  6069 | D:8      | Killed a death yak
  6069 | D:8      | Reached XP level 10. HP: 48/88 MP: 9/9
  6071 | D:8      | Killed a death yak
  6071 | D:8      | Reached **** piety under Makhleb
  6074 | D:8      | Killed a death yak
  6074 | D:8      | Reached skill level 12 in Axes
  6082 | D:8      | Slain by a death yak

Vault maps used:
D:1:      dpeg_arrival_arbitrary_c, minmay_split_cup_small
D:2:      elyvilon_altar_5
D:3:      serial_glass, glass_columns_a, glass_columns_b, glass_columns_c,
          glass_columns_a, glass_columns_a, glass_columns_b
D:5:      temple_fountains, first_ration, st_stairs_5, uniq_crazy_yiuf_cottage
D:6:      enter_ossuary_5, uniq_blork_the_orc, uniq_menkaure
D:7:      kennysheep_vampire_church, serial_shops,
          nicolae_shop_overgrown_old_shop, uniq_pikel
D:8:      dpeg_lair_monsters
Temple:   compressed_dpeg_triangle_lava_temple
Ossuary:  ossuary_tomb_2

Skill      XL: |  1  2  3  4  5  6  7  8  9 10 |
---------------+-------------------------------+-----
Axes           | 3 4 5 6 7 8 10 11 12 | 12.0
Fighting       | 3 4 5 |  5.8
Shields        | 4 5 7 |  7.5
Armour         | 4 6 7 |  7.2
Dodging        | 1 2 3 |  3.3

Action                   |  1- 3 |  4- 6 |  7- 9 | 10-12 || total
-------------------------+-------+-------+-------+-------++-------
Melee: War axe           |   132 |   193 |    55 |     9 ||   389
       Hand axe          |       |       |   407 |       ||   407
 Abil: Heal Wounds       |       |     5 |     6 |     4 ||    15
  Use: Scroll            |       |       |     2 |       ||     2
  Eat: Chunk             |       |     8 |    10 |       ||    18
Armor: Scale mail        |    75 |    39 |   150 |    20 ||   284
       Plate armour      |       |    51 |       |       ||    51
Dodge: Dodged            |    45 |    44 |   144 |    11 ||   244
Block: Shield            |    85 |   102 |   179 |    13 ||   379

Table legend:
 A = Spawn XP
 B = Non-spawn XP
 C = Spawn XP percentage of total XP
 D = Spawn monster count
 E = Non-spawn monster count
 F = Spawn count percentage of total count
 G = Total turns spent on level
                    A         B        C        D         E        F      G
               +---------+---------+-------+---------+---------+-------+---------
         Total |       0 |    7466 |   0.0 |       0 |     227 |   0.0 |  6082
               +---------+---------+-------+---------+---------+-------+---------
           D:1 |       0 |      62 |   0.0 |       0 |      33 |   0.0 |   910
           D:2 |       0 |     110 |   0.0 |       0 |      31 |   0.0 |   774
           D:3 |       0 |      46 |   0.0 |       0 |      14 |   0.0 |   785
           D:4 |       0 |     413 |   0.0 |       0 |      19 |   0.0 |   870
           D:5 |       0 |     531 |   0.0 |       0 |      25 |   0.0 |   628
           D:6 |       0 |    1016 |   0.0 |       0 |      21 |   0.0 |   769
           D:7 |       0 |    1710 |   0.0 |       0 |      31 |   0.0 |   815
           D:8 |       0 |    3224 |   0.0 |       0 |      18 |   0.0 |   285
        Temple |       0 |       9 |   0.0 |       0 |       3 |   0.0 |    38
       Ossuary |       0 |     345 |   0.0 |       0 |      32 |   0.0 |   208
               +---------+---------+-------+---------+---------+-------+---------
